 Dungeon Sprint DCSS version bcrawl-1.23.1-30-gcf7fa35852 (webtiles) character file.

Game seed: 8209211873496582208

2204 funkygono the Blocker (level 9, -9/77 HPs)
             Began as a Formicid Fighter on May 30, 2020.
             Was an Elder of Lugonu.
             Mangled by a tarantella (10 damage)
             ... summoned by a deep elf mage
             ... in the Dungeon (Sprint V: "Ziggurat Sprint").
             The game lasted 00:08:57 (733 turns).

funkygono the Blocker (Formicid Fighter)             Turns: 733, Time: 00:08:58

Health: -9/77      AC: 33    Str: 36    XL:     9   Next: 60%
Magic:  12/12      EV:  3    Int: 15    God:    Lugonu [****..]
Gold:   0          SH: 35    Dex: 13    Spells: 8/8 levels left

rFire    . . .     SeeInvis +   N - +11 plutonium sword {*Contam Stlth-}
rCold    x . .     Gourm    .   J - +18 shield of the Gong {rElec rN+ MR+ EV-5}
rNeg     + . .     Faith    .   I - +15 Maxwell's patent armour {-Cast -Tele rElec MR+ rCorr}
rPois    .         Spirit   .   (helmet unavailable)
rElec    +         Reflect  .   x - +1 cloak "Kiyniud" {rC- Int+7}
rCorr    +         Harm     .   h - +0 pair of gloves {Dex+3}
MR       ++...     NoCast   +   (no boots)
Stlth    ..........             (no amulet)
HPRegen  0.22/turn              A - +6 ring of strength
MPRegen  0.13/turn              B - +6 ring of strength

@: lethally poisoned (-9 -> -43), lightly drained
A: permanent stasis, dig shafts and tunnels, four strong arms, antennae 3
a: Dig, Bend Space, Banish, Corrupt, Renounce Religion


You were in the Dungeon.
You worshipped Lugonu.
Lugonu was greatly pleased with you.
You were not hungry.

You visited 1 branch

Inventory:

Hand Weapons
 N - the +11 plutonium sword (weapon) {*Contam Stlth-}
   (You found it in the Dungeon)

   It causes magical contamination when unequipped.
   It makes you less stealthy.
 P - the +9 sword of Zonguldrok {reap}
   (You found it in the Dungeon)

   If a monster killed with it leaves a corpse in good enough shape, the corpse
   will be animated as a zombie friendly to the killer.
 T - the +7 Singing Sword {slice}
   (You found it in the Dungeon)

   It inflicts extra damage upon your enemies.
Armour
 h - a +0 pair of gloves of dexterity (worn)
 x - the +1 cloak "Kiyniud" (worn) {rC- Int+7}
   (Lugonu gifted it to you in the Dungeon)

   It affects your intelligence (+7).
   It makes you vulnerable to cold.
 I - the +15 Maxwell's patent armour (worn) {-Cast -Tele rElec MR+ rCorr}
   (You found it in the Dungeon)

   It insulates you from electricity.
   It affects your resistance to hostile enchantments.
   It prevents spellcasting.
   It prevents most forms of teleportation.
   It provides partial protection from all sources of acid and corrosion.
 J - the +18 shield of the Gong (worn) {rElec rN+ MR+ EV-5}
   (You found it in the Dungeon)

   It affects your evasion (-5).
   It insulates you from electricity.
   It protects you from negative energy.
   It affects your resistance to hostile enchantments.
Jewellery
 w - the amulet of the Five Bones {Inacc rF+ MP+9 Int+4}
   (You found it in the Dungeon)

   [amulet of inaccuracy]

   It reduces the accuracy of all your attacks.
   It affects your intelligence (+4).
   It protects you from fire.
   It affects your magic capacity (+9).
 A - a +6 ring of strength (left hand)
 B - a +6 ring of strength (right hand)
Wands
 C - a wand of disintegration (6)
 D - a wand of iceblast (3)
 E - a wand of acid (5)
Scrolls
 q - 4 scrolls of amnesia
 r - 7 scrolls of fog
 s - 5 scrolls of identify
 t - 5 scrolls of remove curse
 u - 2 scrolls of fear
 y - a scroll of brand weapon
Potions
 d - 5 potions of might
 f - 10 potions of curing
 g - 9 potions of heal wounds
 i - 7 potions of magic
 l - 2 potions of brilliance
 m - 2 potions of invisibility
 n - 4 potions of resistance
 p - 5 potions of agility
Miscellaneous
 a - a phantom mirror
 c - a phial of floods
 j - a lamp of fire
 k - a lightning rod (3/4)
 o - a sack of spiders
 v - a lightning rod (3/4)
Comestibles
 b - 7 chunks of flesh
 e - 7 rations {!d}


   Skills:
 + Level 9.6(9.4) Fighting
 + Level 11.4(11.1) Long Blades
 + Level 10.3(10.1) Armour
 + Level 2.6(2.4) Dodging
 + Level 13.3(13.1) Shields
 + Level 3.2(3.0) Invocations
 + Level 4.8(4.6) Evocations


You had 8 spell levels left.
You didn't know any spells.
Your spell library contained the following spells:

 Spells                   Type           Power        Failure   Level  Hunger
 Corpse Rot               Necr           N/A          99%         2    ###....
 Sublimation of Blood     Necr           #.........   99%         2    ###....
 Ice Form                 Ice/Tmut       #.......     100%        4    #####..
 Agony                    Necr           #.......     100%        5    ######.
 Bolt of Draining         Conj/Necr      #.........   100%        5    ######.
 Dispel Undead            Necr           #.......     100%        5    ######.
 Metabolic Englaciation   Hex/Ice        #.........   100%        5    ######.
 Bolt of Cold             Conj/Ice       #.........   100%        6    #######
 Freezing Cloud           Ice/Air        #.........   100%        6    #######
 Ozocubu's Refrigeration  Ice            #.........   100%        6    #######
 Simulacrum               Ice/Necr       #.........   100%        6    #######
 Shatter                  Erth           #.........   100%        9    #######


Dungeon Overview and Level Annotations

Branches:
Dungeon (1/1)

Altars:
Ashenzari
Cheibriados
Dithmenos
Elyvilon
Fedhas
Gozag
Hepliaklqana
Kikubaaqudgha
Lugonu
Makhleb
Nemelex Xobeh
Okawaru
Qazlal
Ru
Sif Muna
Trog
Uskayaw
Vehumet
Wu Jian
Xom
Yredelemnul
Zin
The Shining One
Beogh
Jiyva


Innate Abilities, Weirdness & Mutations

You cannot be hasted, slowed, berserked, paralysed or teleported.
You can dig through walls and to a lower floor.
Your four strong arms can wield two-handed weapons with a shield.
You have a pair of large antennae on your head. (SInv)


Message History

You block the tarantella's attack.
GONNNNG!
The deep elf knight casts a spell at you.
You block the stone arrow.
PANG!
The redback bites you but does no damage.
The deep elf annihilator gestures wildly while chanting.
The deep elf annihilator blinks!
The +3 halberd of venom hits you but does no damage.
You miss the deep elf knight.
* * * LOW HITPOINT WARNING * * *
You feel very sick. You block the tarantella's attack.
GONNNNG!
You block the deep elf knight's attack.
BOUMMMMG!
You block the redback's attack.
SHROANNG!
The tarantella bites you!
You die...

▓..8©8..▓
▓.e}}}°...▓..)|[..▓
▓e..)|)...▓..|.[..▓
▓.........▓.......▓
▓.........▓.......▓
{▓...4rs...▓.......▓
▓r4se3....▓.......▓
▓2▓(s4r.▓.▓.......▓
▓.s@e2Y.e.▓...©...▓
{{{
▓▓▓▓▓▓▓▓▓▓▓▓▓▓▓▓▓▓▓
{{ ▓).8©8..▓


{{{{{ ▓...."..▓ {{{ ▓..|[...▓ ▓.......▓ ▓.......▓ ▓.......▓ ▓.......▓ You could
see a hell beast, a lorocyproca (invisible), a deep elf annihilator, a soul
eater, a deep elf knight, an ice devil, a rust devil, 3 deep elf magi, a jumping
spider, a red devil, 2 tarantellas, a redback, an ice beast, 2 hell rats and a
+3 halberd of venom.

Vanquished Creatures
  3 draconians (D)
  2 tarantellas (D)
  3 hell hounds (D)
  A large abomination (D)
  2 phantoms (D)
  A scorpion (D)
  A wight (D)
  A crimson imp (D)
  2 quasits (D)
  An ufetubus (D)
  3 bat skeletons (D)
  2 ball python skeletons (D)
  A ball python zombie (D)
  A giant cockroach zombie (D)
  2 jackal skeletons (D)
  A jackal zombie (D)
27 creatures vanquished.

Vanquished Creatures (others)
  the Lernaean hydra (D)
  7 acid blobs (D)
  3 azure jellies (D)
  4 death oozes (D)
  A spatial maelstrom (D)
  Pikel (D)
  Joseph (D)
  Eustachio (D)
  Grum (D)
  Purgy (D)
  Blork the orc (D)
  Dowan (D)
23 creatures vanquished.

Grand Total: 50 creatures vanquished

Notes
Turn   | Place    | Note
-------+----------+-------------------------------------------
     0 | D        | funkygono the Formicid Fighter began the quest for the Orb.
     0 | D        | Reached XP level 1. HP: 18/18 MP: 1/1
     0 | D        | Banished a spatial maelstrom
     2 | D        | Found a shimmering blue altar of Sif Muna.
     2 | D        | Found a sacrificial altar of Ru.
     2 | D        | Found a bloodstained altar of Trog.
     2 | D        | Found a stormy altar of Qazlal.
     2 | D        | Found an iron altar of Okawaru.
     2 | D        | Found a sparkling altar of Nemelex Xobeh.
     2 | D        | Found a blossoming altar of Fedhas.
     3 | D        | Found the +6 Majin-Bo {vamp, *Drain Str+12 Int+24}
     3 | D        | Found the +7 great mace "Firestarter" {inner flame, rF++}
     4 | D        | Found a transporter.
     4 | D        | Found an ancient bone altar of Kikubaaqudgha.
     4 | D        | Found a viscous altar of Jiyva.
     4 | D        | Found a corrupted altar of Lugonu.
     4 | D        | Found a hazy altar of Hepliaklqana.
     4 | D        | Found a burning altar of Makhleb.
     4 | D        | Found an opulent altar of Gozag.
     4 | D        | Killed Blork the orc
    14 | D        | Killed Dowan
    26 | D        | Found the +9 heavy crossbow "Sniper" {velocity, Acc+∞ SInv}
    26 | D        | Found the +10 dark maul {crush}
    26 | D        | Found the +15 Maxwell's patent armour {-Cast -Tele rElec
                  | MR+ rCorr}
    26 | D        | Found the +18 shield of the Gong {rElec rN+ MR+ EV-5}
    26 | D        | Found the cursed +14 obsidian axe {chop, +Fly SInv *Curse}
    28 | D        | Found the +6 shillelagh "Devastator" {shatter}
    28 | D        | Found the +11 plutonium sword {*Contam Stlth-}
    28 | D        | Found the +8 lance "Wyrmbane" {slay drac, rPois rF+ rC+
                  | AC+3}
    28 | D        | Found the +9 sword of Zonguldrok {reap}
    28 | D        | Found the cursed +13 scythe of Curses {drain, *Curse}
    28 | D        | Found the +0 sword of Power
    28 | D        | Found the +7 mace of Variability {chain chaos}
    28 | D        | Found the +7 Singing Sword {slice}
    28 | D        | Found the +7 longbow "Piercer" {penet, EV-2}
   116 | D        | Became a worshipper of Lugonu the Unformed
   120 | D        | Reached skill level 4 in Shields
   120 | D        | Reached XP level 2. HP: 26/26 MP: 1/4
   137 | D        | Killed an acid blob
   164 | D        | Entered arena 2.
   164 | D        | Noticed a large abomination
   164 | D        | Noticed a quasit
   164 | D        | Found a transporter.
   169 | D        | Killed a large abomination
   169 | D        | Reached skill level 6 in Shields
   169 | D        | Reached XP level 3. HP: 8/34 MP: 5/5
   169 | D        | Reached XP level 4. HP: 9/40 MP: 6/6
   169 | D        | Reached XP level 5. HP: 10/46 MP: 7/7
   171 | D        | Reached skill level 7 in Shields
   303 | D        | Killed Grum
   361 | D        | Killed an acid blob
   374 | D        | Killed a death ooze
   382 | D        | Killed Joseph
   389 | D        | Killed a death ooze
   401 | D        | Killed an azure jelly
   412 | D        | Entered arena 3.
   412 | D        | Noticed a phantom
   412 | D        | Found a transporter.
   415 | D        | Reached ** piety under Lugonu
   415 | D        | Reached skill level 5 in Long Blades
   417 | D        | Killed an azure jelly
   422 | D        | Killed a phantom
   422 | D        | Reached skill level 8 in Shields
   422 | D        | Reached XP level 6. HP: 55/55 MP: 8/8
   448 | D        | Killed Eustachio
   499 | D        | Killed the 27-headed Lernaean hydra
   503 | D        | Killed Pikel
   528 | D        | Entered arena 4.
   528 | D        | Noticed a draconian
   528 | D        | Noticed a draconian
   528 | D        | Noticed a draconian
   528 | D        | Noticed a draconian
   528 | D        | Found a transporter.
   533 | D        | Killed a draconian
   533 | D        | Reached skill level 10 in Shields
   533 | D        | Reached XP level 7. HP: 63/63 MP: 9/9
   533 | D        | Killed a death ooze
   536 | D        | Killed a draconian
   536 | D        | Reached *** piety under Lugonu
   536 | D        | Reached skill level 11 in Shields
   536 | D        | Reached XP level 8. HP: 62/70 MP: 8/11
   538 | D        | Killed a draconian
   538 | D        | Reached skill level 10 in Armour
   538 | D        | Reached skill level 12 in Shields
   553 | D        | Killed Purgy
   565 | D        | Killed an acid blob
   567 | D        | Killed a death ooze
   570 | D        | Entered arena 5.
   570 | D        | Found a transporter.
   571 | D        | Reached XP level 9. HP: 76/76 MP: 12/12
   571 | D        | Reached **** piety under Lugonu
   574 | D        | Received a gift from Lugonu
   574 | D        | Reached skill level 10 in Long Blades
   585 | D        | Killed an azure jelly
   592 | D        | Got the +6 battleaxe "Vila" {chop, *Corrode rPois rF+
                  | Dex+3}
   600 | D        | Entered arena 6.
   600 | D        | Found a transporter.
   610 | D        | Killed an acid blob
   620 | D        | Got The Intricacies of Sorcery
   625 | D        | Killed an acid blob
   650 | D        | Entered arena 7.
   652 | D        | Killed an acid blob
   662 | D        | Found a transporter.
   667 | D        | Killed an acid blob
   668 | D        | Got the amulet of the Five Bones {Inacc rF+ MP+9 Int+4}
   673 | D        | Entered arena 8.
   678 | D        | Reached skill level 13 in Shields
   681 | D        | Received a gift from Lugonu
   685 | D        | Found a transporter.
   687 | D        | Got a glimmering cloak {god gift}
   694 | D        | Identified the +1 cloak "Kiyniud" {rC- Int+7} (Lugonu
                  | gifted it to you in the Dungeon)
   708 | D        | Got the +1 flail of Imitoam {speed, *Slow rF++ Str+8
                  | Stlth+}
   718 | D        | Entered arena 9.
   718 | D        | Noticed a +3 halberd of venom
   718 | D        | Noticed a deep elf mage
   718 | D        | Noticed a deep elf mage
   718 | D        | Noticed a deep elf knight
   718 | D        | Noticed a deep elf annihilator
   718 | D        | Noticed a deep elf mage
   718 | D        | Noticed a deep elf demonologist
   720 | D        | Noticed a sixfirhy
   721 | D        | Noticed a jumping spider
   727 | D        | Noticed a red devil
   728 | D        | Noticed a hell beast
   728 | D        | Noticed an ice devil
   729 | D        | Noticed a lorocyproca
   730 | D        | Noticed a rust devil
   730 | D        | Noticed a soul eater
   733 | D        | HP: 1/77 [poisoned by a +3 halberd of venom]
   733 | D        | Mangled by a tarantella

Skill      XL: |  1  2  3  4  5  6  7  8  9 |
---------------+----------------------------+-----
Fighting       | 4 6 7 8 9 |  9.6
Long Blades    | 3 4 6 7 9 11 | 11.4
Armour         | 4 6 7 9 10 | 10.3
Dodging        | 2 |  2.6
Shields        | 4 6 8 10 11 12 13 | 13.3
Invocations    | 3 |  3.2
Evocations     | 2 3 4 |  4.8

Action                   |  1- 3 |  4- 6 |  7- 9 || total
-------------------------+-------+-------+-------++-------
Melee: Triple sword      |     3 |    11 |    45 ||    59
Evoke: Wand              |       |     4 |     3 ||     7
       Lightning rod     |       |     1 |     1 ||     2
  Use: Potion            |     2 |       |     1 ||     3
Armor: Plate armour      |     7 |     8 |    49 ||    64
Dodge: Dodged            |       |     1 |     3 ||     4
Block: Medium shield     |    11 |    17 |   105 ||   133
